 Dungeon Sprint DCSS version 0.21-a0-525-ga34b322 (webtiles) character file.

50 InappropriateContent the Fighter (level 7, -3/78 HPs)
             Began as a Gargoyle Fighter on Dec 6, 2017.
             Slain by a naga
             ... wielding a +0 mace
              (13 damage)
             ... in the Dungeon (Sprint VI: "Thunderdome").
             The game lasted 00:08:24 (330 turns).

InappropriateContent the Fighter (Gargoyle Fighter)  Turns: 330, Time: 00:08:24

Health: -3/78      AC: 12    Str: 26    XL:     7   Next: 15%
Magic:  7/7        EV:  5    Int:  9    God:
Gold:   0          SH: 11    Dex:  9    Spells: 6/6 levels left

rFire    . . .     SeeInvis .   a - +0 war axe
rCold    . . .     Gourm    .   c - +0 shield
rNeg     + . .     Faith    .   b - +0 scale mail
rPois    ∞         Spirit   .   (no helmet)
rElec    +         Reflect  .   (no cloak)
rCorr    .         Harm     .   (no gloves)
MR       .....     NoTele   +   (no boots)
Stlth    ..........             (no amulet)
HPRegen  0.23/turn              (no ring)
MPRegen  0.10/turn              (no ring)

@: berserking, constricted, very quick
A: negative energy resistance 1, electricity resistance, unbreathing,
petrification resistance, rot immunity, AC +4
a: no special abilities


You were in the Dungeon.
You were not hungry.

You visited 1 branch You collected 80 gold pieces.
You spent 80 gold pieces at shops.

Inventory:

Hand Weapons
 a - a +0 war axe (weapon)
Armour
 b - a +0 scale mail (worn)
 c - a +0 shield (worn)
Jewellery
 l - the ring "Jainih" {Fire Int+3 Dex+2, unknown}
   (You bought it in a shop in the Dungeon)

   [ring of fire]

   It enhances your fire magic.
   It affects your intelligence (+3).
   It affects your dexterity (+2).
   It protects you from fire.
   It makes you vulnerable to cold.
Scrolls
 k - a scroll of blinking
Potions
 d - a potion of might
 e - a potion of curing
 g - a potion of heal wounds
 h - a potion of haste
 i - 2 potions of magic
Comestibles
 f - a bread ration


   Skills:
 * Level 9.9 Fighting
 * Level 7.4 Axes
 + Level 7.8 Armour
 + Level 8.0 Shields


You had 6 spell levels left.
You didn't know any spells.

Dungeon Overview and Level Annotations

Branches:
Dungeon (1/1)

Altars:
Cheibriados
Dithmenos
Fedhas
Gozag
Kikubaaqudgha
Makhleb
Okawaru
Qazlal
Ru
Sif Muna
Trog
Uskayaw
Vehumet
Wu Jian
Xom
Yredelemnul
Zin
The Shining One
Beogh
Jiyva
Lugonu

Shops:
D *[%??*?*:[((!!!!


Innate Abilities, Weirdness & Mutations

You are resistant to torment.
Your stone body is resilient. (AC +4)
You are immune to poison.
You resist negative energy. (rN+)
You are resistant to electric shocks. (rElec)
You can survive without breathing.
You are immune to petrification.
You are immune to rotting.


Message History

You closely miss the naga. The naga hits you with a mace.
The naga constricts you.
You slash the naga!
The naga is severely wounded.
You block the naga's attack. The naga constricts you.
You closely miss the naga.
The naga is severely wounded.
The naga hits you with a mace!
* * * LOW HITPOINT WARNING * * *
The naga constricts you.
You closely miss the naga.
The naga is severely wounded.
The naga spits poison at you. The splash of poison hits you! You resist.
* * * LOW HITPOINT WARNING * * *
The naga constricts you.
A red film seems to cover your vision as you go berserk!
You feel yourself moving faster!
You feel mighty! The naga hits you with a mace!
You die...

##.....## ##∩.....∩##
#∩.......∩# #_......._#
#_......._# #_......._#
###.........###
#⌠...........⌠#
####.8.........8@######
___......###....N.___∩##
.......8.# #.8........∩###
.........###.............##
......###...###..........⌠#
......# #.<.# #..........⌠#
......###...###..........⌠#
.........###.............##
.......8.# #.8........∩###


You could see a naga.

Vanquished Creatures
  A naga (D)
  A water moccasin (D)
  4 scorpions (D)
  2 quasits (D)
  A shadow imp (D)
  2 white imps (D)
  2 giant cockroaches (D)
13 creatures vanquished.

Notes
Turn   | Place    | Note
-------+----------+-------------------------------------------
     0 | D        | InappropriateContent the Gargoyle Fighter began the quest for the Orb.
     0 | D        | Reached XP level 1. HP: 14/14 MP: 1/1
     0 | D        | Found a basalt altar of Yredelemnul.
     0 | D        | Found a shimmering altar of Xom.
     1 | D        | Found a sacrificial altar of Ru.
     1 | D        | Found a snail-covered altar of Cheibriados.
     2 | D        | Found a glowing golden altar of the Shining One.
     2 | D        | Found a stormy altar of Qazlal.
     3 | D        | Found Uvukhleh's Distillery.
     3 | D        | Found a deep blue altar of Sif Muna.
     3 | D        | Found a bloodstained altar of Trog.
     3 | D        | Found Intatuif's Do-It-Yourself Clinic.
     4 | D        | Found Qichegakh's Distillery.
     4 | D        | Found Qyrigyep's Bottled Wisdom.
     5 | D        | Round 1.
     8 | D        | Found a burning altar of Makhleb.
     9 | D        | Found an ornate altar of the Wu Jian Council.
    11 | D        | Found Acu Qadoss's Weapon Rack.
    12 | D        | Found Xufazufy's Basic Armour.
    12 | D        | Found Dus Terilak's Miscellaneous Merchandise.
    13 | D        | Found a glowing silver altar of Zin.
    13 | D        | Found a roughly hewn altar of Beogh.
    13 | D        | Found Bahouss's Premium Goods.
    17 | D        | Found a blossoming altar of Fedhas.
    18 | D        | Found an opulent altar of Gozag.
    22 | D        | Found Buba's Identification Station.
    23 | D        | Found Koovu's Advanced Armour.
    23 | D        | Found Eplarheb's Jewellery.
    24 | D        | Noticed a scorpion
    26 | D        | Found a viscous altar of Jiyva.
    26 | D        | Found a hide-covered altar of Uskayaw.
    26 | D        | Found a corrupted altar of Lugonu.
    26 | D        | Found Ismua's Bee Food.
    31 | D        | Killed a scorpion
    31 | D        | Reached skill level 5 in Fighting
    31 | D        | Reached skill level 5 in Armour
    31 | D        | Reached skill level 5 in Shields
    31 | D        | Reached XP level 2. HP: 15/21 MP: 2/2
    31 | D        | Reached XP level 3. HP: 19/26 MP: 3/3
    35 | D        | Found an iron altar of Okawaru.
    36 | D        | Found a radiant altar of Vehumet.
    43 | D        | Noticed a scorpion
    55 | D        | Noticed a scorpion
    55 | D        | Killed a scorpion
    55 | D        | Reached skill level 6 in Fighting
    55 | D        | Reached XP level 4. HP: 21/32 MP: 4/4
    77 | D        | Reached skill level 7 in Fighting
    77 | D        | Reached XP level 5. HP: 16/38 MP: 5/5
    95 | D        | Arena points: 14 (+14) [x2]
    95 | D        | Reached skill level 5 in Axes
   155 | D        | Round 2.
   162 | D        | Reached skill level 8 in Fighting
   162 | D        | Reached XP level 6. HP: 29/44 MP: 6/6
   198 | D        | Found a shadowy altar of Dithmenos.
   198 | D        | Found an ancient bone altar of Kikubaaqudgha.
   199 | D        | Found Hocug's Staff Store.
   199 | D        | Found Pueb's Magic Scroll Shop.
   200 | D        | Found Jexeus's Must-Have Magic.
   200 | D        | Found Yfoeqymadu's Magic Scroll Shop.
   213 | D        | Arena points: 50 (+36) [x3]
   228 | D        | Round 3.
   231 | D        | Bought a potion of heal wounds for 35 gold pieces
   253 | D        | Noticed a water moccasin
   261 | D        | Killed a water moccasin
   261 | D        | Reached skill level 9 in Fighting
   283 | D        | Bought a brightly glowing steel ring for 45 gold pieces
   305 | D        | Noticed a naga
   308 | D        | Noticed a naga
   323 | D        | Killed a naga
   323 | D        | Reached XP level 7. HP: 24/52 MP: 7/7
   330 | D        | Slain by a naga

Vault maps used:
D:        arena_sprint

Skill      XL: |  1  2  3  4  5  6 |
---------------+-------------------+-----
Fighting       | 5 6 7 8 9 |  9.9
Axes           | 2 3 4 5 7 |  7.4
Armour         | 5 6 7 |  7.8
Shields        | 5 6 8 |  8.0

Action                   |  1- 3 |  4- 6 |  7- 9 || total
-------------------------+-------+-------+-------++-------
Melee: War axe           |    17 |    48 |     4 ||    69
  Use: Potion            |       |     1 |     1 ||     2
Armor: Scale mail        |     5 |    24 |     2 ||    31
Dodge: Dodged            |     7 |    15 |       ||    22
Block: Shield            |     9 |    23 |     2 ||    34

Table legend:
 A = Spawn XP
 B = Non-spawn XP
 C = Spawn XP percentage of total XP
 D = Spawn monster count
 E = Non-spawn monster count
 F = Spawn count percentage of total count
 G = Total turns spent on level
                    A         B        C        D         E        F      G
               +---------+---------+-------+---------+---------+-------+---------
         Total |       0 |     709 |   0.0 |       0 |      13 |   0.0 |   330
               +---------+---------+-------+---------+---------+-------+---------
             D |       0 |     709 |   0.0 |       0 |      13 |   0.0 |   330
               +---------+---------+-------+---------+---------+-------+---------
